Sasquatch vs Influenza

Created - March 30, 2021 at 19:49

Goals
1 2 3 T
Sasquatch 2 4 1 7
Influenza 2 1 1 4
Shots
1 2 3 T
Sasquatch 9 13 12 34
Influenza 10 8 14 32

1st period

1. Sasquatch , Jujhar Khaira 57 (Devin Shore 76) at 4:28 (PP)
2. Influenza , Linden Vey 16 (Bo Horvat 50, Shane Sims 7) at 5:18
3. Influenza , JT Compher 28 (Shane Sims 8, Pavel Zacha 23) at 12:12
4. Sasquatch , Petr Straka 29 (Martin Marincin 18) at 17:31

Penalties :
Jujhar Khaira (Gat) for Holding (Minor) at 0:17, JT Compher (VJB) for Tripping (Minor) at 4:25, Jujhar Khaira (Gat) for Tripping (Minor) at 12:19

2nd period

5. Sasquatch , Martin Marincin 2 (Christoffer Ehn 5, Dylan Sikura 2) at 5:16
6. Influenza , Tim Schaller 33 (Linden Vey 28) at 6:54
7. Sasquatch , Devin Shore 46 (Patrick Wey 29) at 11:09
8. Sasquatch , T.J. Tynan 16 (Petr Straka 24, Tony DeAngelo 20) at 13:06 (PP)
9. Sasquatch , Martin Frk 8 (Jack Roslovic 11, Roope Hintz 9) at 15:33

Penalties :
Jujhar Khaira (Gat) for Tripping (Minor) at 7:13, Colton Sissons (VJB) for Hooking (Minor) at 11:53

3rd period

10. Sasquatch , Devin Shore 47 (Jujhar Khaira 52) at 8:12 (PP)
11. Influenza , Tim Schaller 34 (Linden Vey 29, Bo Horvat 51) at 11:36

Penalties :
Tim Schaller (VJB) for Holding (Minor) at 8:00

Goalie Stats

Joonas Korpisalo (Gat), 28 saves from 32 shots - (0.875), W, 26-17-7, 60:00 minutes
Al Montoya (VJB), 13 saves from 18 shots - (0.722), L, 17-9-1, 33:06 minutes
Malcolm Subban (VJB), 14 saves from 16 shots - (0.875), 26:54 minutes

Players Stats for Sasquatch

Player Name              G  A  P  +/- PIM S  H  SB GA TA FO     MP     PP MP  PK MP  
------------------------------------------------------------------------------------
Brandon Montour          0  0  0  -1  0   1  1  1  1  1  0/0    25:54   1:16   3:34 
Christoffer Ehn          0  1  1   1  0   1  0  1  0  0  2/8    11:18   0:00   2:55 
Devin Shore              2  1  3  -2  0   4  4  0  0  0  14/31  21:23   0:45   1:26 
Dylan Sikura             0  1  1   1  0   0  0  0  0  0  0/0     8:23   0:00   0:00 
Ethan Bear               0  0  0   1  0   0  0  1  0  0  0/0    13:28   0:12   0:23 
Jack Roslovic            0  1  1   0  0   1  1  0  2  0  1/2     9:36   0:00   0:00 
Jacob De La Rose         0  0  0   0  0   1  2  0  0  0  0/0    12:33   0:00   2:57 
Jujhar Khaira            1  1  2  -2  6   6  1  0  0  1  0/3    19:54   0:45   0:00 
Martin Frk               1  0  1   0  0   3  0  0  0  0  0/0     9:36   0:00   0:00 
Martin Marincin          1  1  2   0  0   3  1  1  0  0  0/0    21:51   0:00   3:11 
Patrick Wey              0  1  1  -1  0   1  0  0  1  2  0/0    24:30   0:12   0:00 
Petr Straka              1  1  2   1  0   3  1  0  0  1  0/0    16:07   0:43   0:00 
Roland McKeown           0  0  0   1  0   0  1  0  0  0  0/0    14:05   0:00   2:23 
Roope Hintz              0  1  1   1  0   2  4  0  0  1  0/0    18:00   0:00   2:33 
T.J. Tynan               1  0  1   1  0   2  0  0  1  0  8/17   17:43   0:43   1:36 
Timo Meier               0  0  0  -2  0   1  2  3  1  0  0/1    19:24   0:45   0:00 
Tony DeAngelo            0  1  1   0  0   3  3  0  0  0  0/0    20:12   1:16   2:23 
Valentin Zykov           0  0  0   1  0   2  1  1  0  0  0/0    10:03   0:43   0:27 

Players Stats for Influenza

Player Name              G  A  P  +/- PIM S  H  SB GA TA FO     MP     PP MP  PK MP  
------------------------------------------------------------------------------------
Aleksi Saarela           0  0  0  -2  0   1  0  0  0  0  0/1     7:10   0:00   0:00 
Bo Horvat                0  2  2   3  0   5  2  0  0  0  18/33  21:55   3:17   1:00 
Brett Pesce              0  0  0   2  0   1  0  1  1  0  0/0    14:22   0:00   0:00 
Christian Fischer        0  0  0  -2  0   0  3  0  0  0  1/1     7:10   0:00   0:00 
Colton Sissons           0  0  0  -2  2   4  1  1  0  0  6/8    15:09   2:40   0:00 
Haydn Fleury             0  0  0   1  0   1  0  1  0  0  0/0    18:19   2:26   0:38 
Jeff Corbett             0  0  0   2  0   1  0  0  0  1  0/0    14:22   0:00   0:00 
JT Compher               1  0  1   1  2   2  4  1  1  0  0/0    17:47   2:40   0:11 
Justin Bailey            0  0  0   1  0   0  1  0  0  2  0/0    17:37   2:40   0:00 
Linden Vey               1  2  3   3  0   4  1  0  0  0  1/2    21:06   3:17   0:11 
Lucas Lessio             0  0  0  -2  0   1  0  0  0  0  0/0     7:10   0:00   0:00 
Neal Pionk               0  0  0  -3  0   0  1  2  2  0  0/0    24:40   3:31   0:38 
Pavel Zacha              0  1  1   1  0   0  0  0  0  0  7/11   15:17   0:00   0:00 
Ryan Dzingel             0  0  0  -2  0   4  0  0  1  0  1/1    13:07   0:00   0:17 
Shane Sims               0  2  2   1  0   1  2  1  0  2  0/0    20:58   2:26   0:50 
Tim Erixon               0  0  0  -3  0   1  1  1  0  0  0/0    27:19   3:31   0:50 
Tim Schaller             2  0  2   3  2   3  3  0  1  0  3/5    21:42   3:17   0:48 
Tom Kuhnhackl            0  0  0  -2  0   3  1  0  0  1  0/0    13:19   0:00   0:29 

3 Stars

1 - Devin Shore (Gat)
2 - Linden Vey (VJB)
3 - Tim Schaller (VJB)

Power Play

Sasquatch - 3 on 3 Attempt(s) - 100.00%
Influenza - 0 on 3 Attempt(s) - 0.00%

Penalty Kill

Sasquatch - 3 on 3 Attempt(s) - 100.00% - Score 0 goal in Penalty Kill
Influenza - 0 on 3 Attempt(s) - 0.00% - Score 0 goal in Penalty Kill

Team Stat

Sasquatch - Hits : 22 - Faceoff Wins : 25 - Blocked Shots : 8 - Penalty Minutes : 6
Influenza - Hits : 20 - Faceoff Wins : 37 - Blocked Shots : 8 - Penalty Minutes : 6

Official

Referees : Unknown
Linesman : Unknown

Game Notes

Malcolm Subban enters game at 13:06 of 2nd period

Finance

Level 1 -- Attendance: 1419 (70.95%) -- Ticket Income $56,760
Level 2 -- Attendance: 625 (62.50%) -- Ticket Income $12,500
Total Attendance: 2044 (68.13%)
Total Ticket Income: $69,260
Other Income: $3,463
Total Income: $72,723

Sasquatch

5 vs 5 Forward 
   Center                   Left Wing                Right Wing               Time % Phy DF OF 
 1 Devin Shore              Jujhar Khaira            Timo Meier               40     1   2  2  
 2 T.J. Tynan               Roope Hintz              Petr Straka              30     1   2  2  
 3 Jack Roslovic            Jacob De La Rose         Martin Frk               20     1   2  2  
 4 Christoffer Ehn          Valentin Zykov           Dylan Sikura             10     1   2  2  

5 vs 5 Defense 
   Defense                  Defense                                           Time % Phy DF OF 
 1 Patrick Wey              Brandon Montour                                   40     1   2  2  
 2 Martin Marincin          Tony DeAngelo                                     30     1   2  2  
 3 Roland McKeown           Ethan Bear                                        20     1   2  2  
 4 Patrick Wey              Martin Marincin                                   10     1   2  2  

PowerPlay Forward 
   Center                   Left Wing                Right Wing               Time % Phy DF OF 
 1 Devin Shore              Jujhar Khaira            Timo Meier               60     1   2  2  
 2 T.J. Tynan               Valentin Zykov           Petr Straka              40     1   2  2  

PowerPlay Defense
   Defense                  Defense                                           Time % Phy DF OF 
 1 Brandon Montour          Tony DeAngelo                                     60     1   2  2  
 2 Patrick Wey              Ethan Bear                                        40     1   2  2  

Penalty Kill 4 Players Forward 
   Center                   Wing                     Time % Phy DF OF 
 1 Christoffer Ehn          Jacob De La Rose         60     1   2  2  
 2 T.J. Tynan               Roope Hintz              40     1   2  2  

Penalty Kill 4 Players Defense
   Defense                  Defense                  Time % Phy DF OF 
 1 Martin Marincin          Brandon Montour          60     1   2  2  
 2 Tony DeAngelo            Roland McKeown           40     1   2  2  

Penalty Kill - 3 Players Forward 
   Forward                                           Time % Phy DF OF 
 1 Christoffer Ehn                                   60     1   2  2  
 2 Jacob De La Rose                                  40     1   2  2  

Penalty Kill - 3 Players Defense
   Defense                  Defense                  Time % Phy DF OF 
 1 Roland McKeown           Martin Marincin          60     1   2  2  
 2 Brandon Montour          Tony DeAngelo            40     1   2  2  

4 vs 4 Forward 
   Center                   Wing                     Time % Phy DF OF 
 1 Devin Shore              Jujhar Khaira            60     1   2  2  
 2 T.J. Tynan               Petr Straka              40     1   2  2  

4 vs 4 Defense
   Defense                  Defense                  Time % Phy DF OF 
 1 Patrick Wey              Martin Marincin          60     1   2  2  
 2 Brandon Montour          Tony DeAngelo            40     1   2  2  

Last Minutes Offensive
   Center                   Left Wing                Right Wing               Defense                  Defense                  
   Devin Shore              Jujhar Khaira            Timo Meier               Patrick Wey              Tony DeAngelo            

Last Minutes Defensive
   Center                   Left Wing                Right Wing               Defense                  Defense                  
   Christoffer Ehn          Jacob De La Rose         Dylan Sikura             Brandon Montour          Martin Marincin          

Goaltenders
Starting : Joonas Korpisalo         
Backup : Anders Nilsson           

Extra Forwards
Normal : T.J. Tynan, Valentin Zykov, Jack Roslovic - PP : T.J. Tynan, Valentin Zykov - PK : Devin Shore
Extra Defensemen
Normal : Roland McKeown, Ethan Bear, Brandon Montour - PP : Roland McKeown - PK : Ethan Bear, Brandon Montour
Penalty Shots
Jack Roslovic, Devin Shore, Petr Straka, T.J. Tynan, Roope Hintz

Scratches
Alan Quine (Healthy), Collin Miller (Healthy), Scott Wilson (Healthy), Adam Clendening (Healthy), Nikita Nesterov (Healthy)
Hudson Fasching (Healthy), Eamon McAdam (Healthy)

Influenza

5 vs 5 Forward 
   Center                   Left Wing                Right Wing               Time % Phy DF OF 
 1 Bo Horvat                Tim Schaller             Linden Vey               40     1   2  2  
 2 Pavel Zacha              JT Compher               Justin Bailey            30     1   2  2  
 3 Colton Sissons           Ryan Dzingel             Tom Kuhnhackl            20     1   2  2  
 4 Aleksi Saarela           Lucas Lessio             Christian Fischer        10     1   2  2  

5 vs 5 Defense 
   Defense                  Defense                                           Time % Phy DF OF 
 1 Tim Erixon               Neal Pionk                                        40     1   2  2  
 2 Haydn Fleury             Shane Sims                                        30     1   2  2  
 3 Brett Pesce              Jeff Corbett                                      20     1   2  2  
 4 Tim Erixon               Shane Sims                                        10     1   2  2  

PowerPlay Forward 
   Center                   Left Wing                Right Wing               Time % Phy DF OF 
 1 Bo Horvat                Tim Schaller             Linden Vey               60     1   2  2  
 2 Colton Sissons           JT Compher               Justin Bailey            40     1   2  2  

PowerPlay Defense
   Defense                  Defense                                           Time % Phy DF OF 
 1 Tim Erixon               Neal Pionk                                        60     1   2  2  
 2 Haydn Fleury             Shane Sims                                        40     1   2  2  

Penalty Kill 4 Players Forward 
   Center                   Wing                     Time % Phy DF OF 
 1 Bo Horvat                Tim Schaller             60     1   2  2  
 2 Linden Vey               JT Compher               40     1   2  2  

Penalty Kill 4 Players Defense
   Defense                  Defense                  Time % Phy DF OF 
 1 Tim Erixon               Shane Sims               60     1   2  2  
 2 Haydn Fleury             Neal Pionk               40     1   2  2  

Penalty Kill - 3 Players Forward 
   Forward                                           Time % Phy DF OF 
 1 Bo Horvat                                         60     1   2  2  
 2 Tim Schaller                                      40     1   2  2  

Penalty Kill - 3 Players Defense
   Defense                  Defense                  Time % Phy DF OF 
 1 Tim Erixon               Shane Sims               60     1   2  2  
 2 Haydn Fleury             Neal Pionk               40     1   2  2  

4 vs 4 Forward 
   Center                   Wing                     Time % Phy DF OF 
 1 Bo Horvat                Tim Schaller             60     1   2  2  
 2 Linden Vey               JT Compher               40     1   2  2  

4 vs 4 Defense
   Defense                  Defense                  Time % Phy DF OF 
 1 Tim Erixon               Shane Sims               60     1   2  2  
 2 Haydn Fleury             Neal Pionk               40     1   2  2  

Last Minutes Offensive
   Center                   Left Wing                Right Wing               Defense                  Defense                  
   Bo Horvat                Tim Schaller             Linden Vey               Tim Erixon               Neal Pionk               

Last Minutes Defensive
   Center                   Left Wing                Right Wing               Defense                  Defense                  
   Bo Horvat                Tim Schaller             Linden Vey               Tim Erixon               Haydn Fleury             

Goaltenders
Starting : Al Montoya               
Backup : Malcolm Subban           

Extra Forwards
Normal : Ryan Dzingel, Lucas Lessio, Tom Kuhnhackl - PP : Ryan Dzingel, Lucas Lessio - PK : Tom Kuhnhackl
Extra Defensemen
Normal : Brett Pesce, Jeff Corbett, Haydn Fleury - PP : Brett Pesce - PK : Jeff Corbett, Haydn Fleury
Penalty Shots
Bo Horvat, Tim Schaller, Linden Vey, JT Compher, Ryan Dzingel

Scratches
Shane Prince (Healthy), Dennis Gilbert (Healthy), Henri Ikonen (Healthy), Johan Larsson (Healthy), Jakob Forsbacka-Karlsson (Healthy)
Zack MacEwen (Healthy), Radovan Bondra (Healthy), Simon Bourque (Healthy), Mitchell Moroz (Healthy), Dmitry Sinitsyn (Healthy)
Conner Bleackley (Healthy), Brycen Martin (Healthy), Jaden Lindo (Healthy), Charlie Lindgren (Healthy), Jamie Phillips (Healthy)

% Time on Ice - Sasquatch

Lines # - Real PCT - Wanted PCT - Time Play
Normal Forward
1 - 37% - 40% - 19:12
2 - 29% - 30% - 15:24
3 - 18% - 20% - 9:36
4 - 16% - 10% - 8:23
Normal Defense
1 - 41% - 40% - 21:45
2 - 31% - 30% - 16:33
3 - 22% - 20% - 11:42
4 - 5% - 10% - 2:35
PP Forward
1 - 51% - 60% - 0:45
2 - 49% - 40% - 0:43
PP Defense
1 - 86% - 60% - 1:16
2 - 14% - 40% - 0:12
PK Forward
1 - 73% - 60% - 4:21
2 - 27% - 40% - 1:36
PK Defense
1 - 60% - 60% - 3:34
2 - 40% - 40% - 2:23
PK3 Forward
1 - 0% - 60%
2 - 0% - 40%
PK3 Defense
1 - 0% - 60%
2 - 0% - 40%
44 Forward
1 - 0% - 60%
2 - 0% - 40%
44 Defense
1 - 0% - 60%
2 - 0% - 40%
Last Minute Offensive  - 0:00
Last Minute Defensive  - 0:00
Total
Forward - 60:00
Defense - 60:00

% Time on Ice - Influenza

Lines # - Real PCT - Wanted PCT - Time Play
Normal Forward
1 - 34% - 40% - 17:38
2 - 28% - 30% - 14:57
3 - 24% - 20% - 12:50
4 - 14% - 10% - 7:10
Normal Defense
1 - 39% - 40% - 20:31
2 - 29% - 30% - 15:15
3 - 27% - 20% - 14:22
4 - 5% - 10% - 2:27
PP Forward
1 - 55% - 60% - 3:17
2 - 45% - 40% - 2:40
PP Defense
1 - 59% - 60% - 3:31
2 - 41% - 40% - 2:26
PK Forward
1 - 88% - 60% - 1:17
2 - 13% - 40% - 0:11
PK Defense
1 - 57% - 60% - 0:50
2 - 43% - 40% - 0:38
PK3 Forward
1 - 0% - 60%
2 - 0% - 40%
PK3 Defense
1 - 0% - 60%
2 - 0% - 40%
44 Forward
1 - 0% - 60%
2 - 0% - 40%
44 Defense
1 - 0% - 60%
2 - 0% - 40%
Last Minute Offensive  - 0:00
Last Minute Defensive  - 0:00
Total
Forward - 60:00
Defense - 60:00

Play-by-Play

1st period


0:01 of 1st period - Bo Horvat wins face-off versus Devin Shore in neutral zone.
0:17 of 1st period - Minor Penalty to Jujhar Khaira for Holding.
0:18 of 1st period - Bo Horvat wins face-off versus Christoffer Ehn in Sasquatch zone.
0:24 of 1st period - Wrist shot by Bo Horvat.
0:24 of 1st period - Stopped by Joonas Korpisalo without a rebound.
0:25 of 1st period - Christoffer Ehn wins face-off versus Bo Horvat in Sasquatch zone.
0:25 of 1st period - Christoffer Ehn is hit by Tim Schaller.
0:53 of 1st period - Slapshot by Brandon Montour.
0:53 of 1st period - Shot Misses the Net.
2:17 of 1st period - Penalty to Jujhar Khaira is over, Jujhar Khaira is back on ice.
2:23 of 1st period - Snap shot by Devin Shore.
2:23 of 1st period - Shot Misses the Net.
4:00 of 1st period - Icing by Christoffer Ehn.
4:01 of 1st period - Colton Sissons wins face-off versus Christoffer Ehn in Sasquatch zone.
4:25 of 1st period - Minor Penalty to JT Compher for Tripping.
4:26 of 1st period - Devin Shore wins face-off versus Bo Horvat in Influenza zone.
4:28 of 1st period - Snap shot by Jujhar Khaira.
4:28 of 1st period - Goal by Jujhar Khaira - Sasquatch : 1 - Influenza : 0.
4:29 of 1st period - Bo Horvat wins face-off versus T.J. Tynan in neutral zone.
4:32 of 1st period - Brandon Montour is hit by Bo Horvat.
4:38 of 1st period - Slapshot by Petr Straka.
4:38 of 1st period - Shot Misses the Net.
4:40 of 1st period - Slapshot by Patrick Wey.
4:40 of 1st period - Shot Misses the Net.
4:44 of 1st period - Snap shot by Petr Straka.
4:44 of 1st period - Shot Misses the Net.
5:18 of 1st period - Wrist shot by Linden Vey.
5:18 of 1st period - Deflect By Brandon Montour.
5:18 of 1st period - Goal by Linden Vey - Sasquatch : 1 - Influenza : 1.
5:19 of 1st period - Pavel Zacha wins face-off versus T.J. Tynan in neutral zone.
5:22 of 1st period - Slapshot by JT Compher.
5:22 of 1st period - Shot Blocked by Martin Marincin.
5:53 of 1st period - Wrist shot by Devin Shore.
5:53 of 1st period - Deflect By Timo Meier.
5:53 of 1st period - Stopped by Al Montoya with a rebound.
6:23 of 1st period - Shane Sims is hit by Roope Hintz and loses puck.
7:01 of 1st period - Backhand shot by JT Compher.
7:01 of 1st period - Shot Misses the Net.
7:03 of 1st period - Snap shot by JT Compher.
7:03 of 1st period - Shot Misses the Net.
7:47 of 1st period - Wrist shot by Colton Sissons.
7:47 of 1st period - Stopped by Joonas Korpisalo with a rebound.
8:03 of 1st period - Wrist shot by Colton Sissons.
8:03 of 1st period - Stopped by Joonas Korpisalo without a rebound.
8:04 of 1st period - Devin Shore wins face-off versus Bo Horvat in Sasquatch zone.
8:11 of 1st period - Snap shot by Bo Horvat.
8:11 of 1st period - Stopped by Joonas Korpisalo without a rebound.
8:12 of 1st period - Bo Horvat wins face-off versus Devin Shore in Sasquatch zone.
8:29 of 1st period - Tim Schaller is hit by Tony DeAngelo and loses puck.
8:58 of 1st period - Snap shot by Linden Vey.
8:58 of 1st period - Shot Misses the Net.
9:00 of 1st period - Snap shot by Bo Horvat.
9:00 of 1st period - Shot Misses the Net.
9:08 of 1st period - Wrist shot by Bo Horvat.
9:08 of 1st period - Deflect By Jujhar Khaira.
9:08 of 1st period - Stopped by Joonas Korpisalo with a rebound.
9:16 of 1st period - Wrist shot by Linden Vey.
9:16 of 1st period - Shot Misses the Net.
9:18 of 1st period - Snap shot by Linden Vey.
9:18 of 1st period - Stopped by Joonas Korpisalo with a rebound.
9:20 of 1st period - Snap shot by Bo Horvat.
9:20 of 1st period - Stopped by Joonas Korpisalo without a rebound.
9:21 of 1st period - T.J. Tynan wins face-off versus Pavel Zacha in Sasquatch zone.
9:34 of 1st period - Snap shot by Petr Straka.
9:34 of 1st period - Shot Misses the Net.
9:36 of 1st period - Slapshot by Patrick Wey.
9:36 of 1st period - Shot Blocked by Shane Sims.
9:56 of 1st period - Wrist shot by Martin Frk.
9:56 of 1st period - Stopped by Al Montoya with a rebound.
10:57 of 1st period - Wrist shot by Martin Frk.
10:57 of 1st period - Shot Blocked by Colton Sissons.
11:27 of 1st period - Tim Erixon is hit by Martin Marincin and loses puck.
11:46 of 1st period - Slapshot by Bo Horvat.
11:46 of 1st period - Shot Blocked by Christoffer Ehn.
12:12 of 1st period - Wrist shot by JT Compher.
12:12 of 1st period - Goal by JT Compher - Sasquatch : 1 - Influenza : 2.
12:13 of 1st period - Pavel Zacha wins face-off versus Devin Shore in neutral zone.
12:19 of 1st period - Minor Penalty to Jujhar Khaira for Tripping.
12:20 of 1st period - Christoffer Ehn wins face-off versus Bo Horvat in Sasquatch zone.
13:22 of 1st period - Bo Horvat is hit by Roope Hintz and loses puck.
13:43 of 1st period - JT Compher is hit by Roope Hintz and loses puck.
14:19 of 1st period - Penalty to Jujhar Khaira is over, Jujhar Khaira is back on ice.
14:46 of 1st period - Wrist shot by Valentin Zykov.
14:46 of 1st period - Stopped by Al Montoya with a rebound.
14:48 of 1st period - Slapshot by Brandon Montour.
14:48 of 1st period - Stopped by Al Montoya without a rebound.
14:49 of 1st period - T.J. Tynan wins face-off versus Aleksi Saarela in Influenza zone.
15:00 of 1st period - Wrist shot by Aleksi Saarela.
15:00 of 1st period - Stopped by Joonas Korpisalo with a rebound.
15:57 of 1st period - Brett Pesce is hit by Devin Shore and loses puck.
16:54 of 1st period - Snap shot by Jacob De La Rose.
16:54 of 1st period - Shot Misses the Net.
17:00 of 1st period - Roland McKeown is hit by Bo Horvat and loses puck.
17:16 of 1st period - Shane Sims is hit by Timo Meier and loses puck.
17:31 of 1st period - Snap shot by Petr Straka.
17:31 of 1st period - Goal by Petr Straka - Sasquatch : 2 - Influenza : 2.
17:32 of 1st period - Devin Shore wins face-off versus Bo Horvat in neutral zone.
17:58 of 1st period - Neal Pionk is hit by Roope Hintz and loses puck.
19:05 of 1st period - Wrist shot by Jujhar Khaira.
19:05 of 1st period - Stopped by Al Montoya with a rebound.
19:21 of 1st period - Snap shot by Petr Straka.
19:21 of 1st period - Deflect By Roope Hintz.
19:21 of 1st period - Stopped by Al Montoya with a rebound.
19:23 of 1st period - Wrist shot by T.J. Tynan.
19:23 of 1st period - Stopped by Al Montoya without a rebound.
19:24 of 1st period - T.J. Tynan wins face-off versus Bo Horvat in Influenza zone.
19:31 of 1st period - T.J. Tynan is hit by Linden Vey and loses puck.
Goals for this period are 2 for Sasquatch vs 2 for Influenza.
Shots for this period are 9 for Sasquatch vs 10 for Influenza.

2nd period


0:01 of 2nd period - Bo Horvat wins face-off versus Devin Shore in neutral zone.
0:12 of 2nd period - Slapshot by Brandon Montour.
0:12 of 2nd period - Shot Blocked by Neal Pionk.
1:02 of 2nd period - Wrist shot by Lucas Lessio.
1:02 of 2nd period - Stopped by Joonas Korpisalo with a rebound.
1:12 of 2nd period - Snap shot by Petr Straka.
1:12 of 2nd period - Stopped by Al Montoya without a rebound.
1:13 of 2nd period - Colton Sissons wins face-off versus Devin Shore in Influenza zone.
1:42 of 2nd period - Off-side.
1:43 of 2nd period - Bo Horvat wins face-off versus Christoffer Ehn in neutral zone.
2:28 of 2nd period - Justin Bailey is hit by Jacob De La Rose and loses puck.
2:33 of 2nd period - Snap shot by Martin Frk.
2:33 of 2nd period - Shot Misses the Net.
2:35 of 2nd period - Snap shot by Patrick Wey.
2:35 of 2nd period - Shot Misses the Net.
2:37 of 2nd period - Slapshot by Brandon Montour.
2:37 of 2nd period - Shot Blocked by Brett Pesce.
2:39 of 2nd period - Wrist shot by Jacob De La Rose.
2:39 of 2nd period - Shot Blocked by JT Compher.
2:41 of 2nd period - Snap shot by Jacob De La Rose.
2:41 of 2nd period - Stopped by Al Montoya with a rebound.
3:11 of 2nd period - Pavel Zacha is hit by Timo Meier and loses puck.
3:22 of 2nd period - Backhand shot by JT Compher.
3:22 of 2nd period - Shot Blocked by Timo Meier.
3:59 of 2nd period - Slapshot by Jack Roslovic.
3:59 of 2nd period - Stopped by Al Montoya with a rebound.
4:06 of 2nd period - Icing by Ryan Dzingel.
4:07 of 2nd period - Colton Sissons wins face-off versus Devin Shore in Influenza zone.
4:22 of 2nd period - Snap shot by Ryan Dzingel.
4:22 of 2nd period - Stopped by Joonas Korpisalo without a rebound.
4:23 of 2nd period - T.J. Tynan wins face-off versus Bo Horvat in Sasquatch zone.
4:50 of 2nd period - Ryan Dzingel is hit by Brandon Montour and loses puck.
5:14 of 2nd period - Wrist shot by Dylan Sikura.
5:14 of 2nd period - Deflect By Christoffer Ehn.
5:14 of 2nd period - Stopped by Al Montoya with a rebound.
5:16 of 2nd period - Slapshot by Martin Marincin.
5:16 of 2nd period - Goal by Martin Marincin - Sasquatch : 3 - Influenza : 2.
5:17 of 2nd period - Bo Horvat wins face-off versus Devin Shore in neutral zone.
5:20 of 2nd period - Jujhar Khaira is hit by Tim Schaller and loses puck.
6:10 of 2nd period - Wrist shot by Colton Sissons.
6:10 of 2nd period - Stopped by Joonas Korpisalo with a rebound.
6:12 of 2nd period - Slapshot by Tim Erixon.
6:12 of 2nd period - Stopped by Joonas Korpisalo without a rebound.
6:13 of 2nd period - Devin Shore wins face-off versus Bo Horvat in Sasquatch zone.
6:22 of 2nd period - Snap shot by Jujhar Khaira.
6:22 of 2nd period - Stopped by Al Montoya with a rebound.
6:24 of 2nd period - Slapshot by Martin Marincin.
6:24 of 2nd period - Stopped by Al Montoya with a rebound.
6:38 of 2nd period - Tim Schaller is hit by Jacob De La Rose.
6:52 of 2nd period - Snap shot by Linden Vey.
6:52 of 2nd period - Shot Misses the Net.
6:54 of 2nd period - Snap shot by Tim Schaller.
6:54 of 2nd period - Goal by Tim Schaller - Sasquatch : 3 - Influenza : 3.
6:55 of 2nd period - Pavel Zacha wins face-off versus Devin Shore in neutral zone.
7:13 of 2nd period - Minor Penalty to Jujhar Khaira for Tripping.
7:14 of 2nd period - Bo Horvat wins face-off versus Christoffer Ehn in Sasquatch zone.
7:14 of 2nd period - Snap shot by Linden Vey.
7:14 of 2nd period - Shot Misses the Net.
7:18 of 2nd period - Snap shot by Bo Horvat.
7:18 of 2nd period - Stopped by Joonas Korpisalo with a rebound.
7:48 of 2nd period - Tony DeAngelo is hit by Colton Sissons and loses puck.
8:59 of 2nd period - Neal Pionk is hit by Valentin Zykov.
9:13 of 2nd period - Penalty to Jujhar Khaira is over, Jujhar Khaira is back on ice.
10:06 of 2nd period - Timo Meier is hit by Christian Fischer.
10:20 of 2nd period - Linden Vey is hit by Jack Roslovic.
10:37 of 2nd period - Icing by Roland McKeown.
10:38 of 2nd period - Pavel Zacha wins face-off versus T.J. Tynan in Sasquatch zone.
10:45 of 2nd period - Tim Erixon is hit by Petr Straka and loses puck.
10:57 of 2nd period - Off-side.
10:58 of 2nd period - Devin Shore wins face-off versus Colton Sissons in neutral zone.
11:09 of 2nd period - Wrist shot by Devin Shore.
11:09 of 2nd period - Goal by Devin Shore - Sasquatch : 4 - Influenza : 3.
11:10 of 2nd period - Bo Horvat wins face-off versus Devin Shore in neutral zone.
11:53 of 2nd period - Minor Penalty to Colton Sissons for Hooking.
11:54 of 2nd period - Tim Schaller wins face-off versus Jujhar Khaira in Influenza zone.
13:06 of 2nd period - Snap shot by T.J. Tynan.
13:06 of 2nd period - Goal by T.J. Tynan - Sasquatch : 5 - Influenza : 3.
13:06 of 2nd period - Malcolm Subban enters game.
13:07 of 2nd period - Pavel Zacha wins face-off versus Jujhar Khaira in neutral zone.
13:56 of 2nd period - T.J. Tynan is hit by Tom Kuhnhackl and loses puck.
15:04 of 2nd period - Wrist shot by T.J. Tynan.
15:04 of 2nd period - Shot Misses the Net.
15:10 of 2nd period - Roope Hintz is hit by Tim Schaller and loses puck.
15:25 of 2nd period - Wrist shot by Martin Frk.
15:25 of 2nd period - Shot Misses the Net.
15:31 of 2nd period - Snap shot by Martin Frk.
15:31 of 2nd period - Stopped by Malcolm Subban with a rebound.
15:33 of 2nd period - Snap shot by Martin Frk.
15:33 of 2nd period - Goal by Martin Frk - Sasquatch : 6 - Influenza : 3.
15:34 of 2nd period - Bo Horvat wins face-off versus Devin Shore in neutral zone.
15:37 of 2nd period - Backhand shot by Haydn Fleury.
15:37 of 2nd period - Shot Misses the Net.
15:39 of 2nd period - Snap shot by Tim Schaller.
15:39 of 2nd period - Stopped by Joonas Korpisalo without a rebound.
15:40 of 2nd period - Devin Shore wins face-off versus Tim Schaller in Sasquatch zone.
16:26 of 2nd period - Slapshot by Jujhar Khaira.
16:26 of 2nd period - Stopped by Malcolm Subban with a rebound.
16:28 of 2nd period - Slapshot by Brandon Montour.
16:28 of 2nd period - Shot Misses the Net.
16:30 of 2nd period - Slapshot by Patrick Wey.
16:30 of 2nd period - Stopped by Malcolm Subban without a rebound.
16:31 of 2nd period - T.J. Tynan wins face-off versus Pavel Zacha in Influenza zone.
16:58 of 2nd period - Neal Pionk is hit by Tony DeAngelo and loses puck.
17:07 of 2nd period - Backhand shot by Jeff Corbett.
17:07 of 2nd period - Deflect By Tony DeAngelo.
17:07 of 2nd period - Stopped by Joonas Korpisalo without a rebound.
17:08 of 2nd period - Jack Roslovic wins face-off versus Bo Horvat in Sasquatch zone.
19:01 of 2nd period - Haydn Fleury is hit by Devin Shore and loses puck.
19:54 of 2nd period - Roope Hintz is hit by Justin Bailey and loses puck.
Goals for this period are 4 for Sasquatch vs 1 for Influenza.
Shots for this period are 13 for Sasquatch vs 8 for Influenza.

3rd period


0:01 of 3rd period - Devin Shore wins face-off versus Bo Horvat in neutral zone.
0:34 of 3rd period - Wrist shot by Ryan Dzingel.
0:34 of 3rd period - Stopped by Joonas Korpisalo with a rebound.
0:36 of 3rd period - Wrist shot by Ryan Dzingel.
0:36 of 3rd period - Deflect By Devin Shore.
0:36 of 3rd period - Shot Misses the Net.
0:36 of 3rd period - Puck is out of play.
0:37 of 3rd period - Colton Sissons wins face-off versus T.J. Tynan in Sasquatch zone.
0:43 of 3rd period - Off-side.
0:44 of 3rd period - T.J. Tynan wins face-off versus Tim Schaller in neutral zone.
1:51 of 3rd period - Off-side.
1:52 of 3rd period - Christian Fischer wins face-off versus Christoffer Ehn in neutral zone.
2:05 of 3rd period - Slapshot by Aleksi Saarela.
2:05 of 3rd period - Shot Misses the Net.
2:17 of 3rd period - Brandon Montour is hit by JT Compher and loses puck.
3:11 of 3rd period - Snap shot by Petr Straka.
3:11 of 3rd period - Shot Blocked by Neal Pionk.
3:13 of 3rd period - Snap shot by Roope Hintz.
3:13 of 3rd period - Stopped by Malcolm Subban with a rebound.
3:29 of 3rd period - Jack Roslovic is hit by Christian Fischer.
4:29 of 3rd period - Icing by Colton Sissons.
4:30 of 3rd period - Devin Shore wins face-off versus Colton Sissons in Influenza zone.
4:41 of 3rd period - Snap shot by Devin Shore.
4:41 of 3rd period - Stopped by Malcolm Subban with a rebound.
5:01 of 3rd period - Snap shot by Brett Pesce.
5:01 of 3rd period - Deflect By Ryan Dzingel.
5:01 of 3rd period - Stopped by Joonas Korpisalo with a rebound.
5:03 of 3rd period - Slapshot by Brett Pesce.
5:03 of 3rd period - Shot Misses the Net.
5:25 of 3rd period - Wrist shot by Brett Pesce.
5:25 of 3rd period - Stopped by Joonas Korpisalo with a rebound.
5:27 of 3rd period - Wrist shot by Tom Kuhnhackl.
5:27 of 3rd period - Stopped by Joonas Korpisalo without a rebound.
5:28 of 3rd period - Devin Shore wins face-off versus Bo Horvat in Sasquatch zone.
5:34 of 3rd period - Off-side.
5:35 of 3rd period - Devin Shore wins face-off versus Bo Horvat in neutral zone.
6:46 of 3rd period - Christoffer Ehn is hit by Shane Sims and loses puck.
7:03 of 3rd period - Haydn Fleury is hit by Jujhar Khaira and loses puck.
8:00 of 3rd period - Minor Penalty to Tim Schaller for Holding.
8:01 of 3rd period - Devin Shore wins face-off versus Bo Horvat in Influenza zone.
8:10 of 3rd period - Wrist shot by Jujhar Khaira.
8:10 of 3rd period - Stopped by Malcolm Subban with a rebound.
8:12 of 3rd period - Snap shot by Devin Shore.
8:12 of 3rd period - Goal by Devin Shore - Sasquatch : 7 - Influenza : 3.
8:13 of 3rd period - Linden Vey wins face-off versus Devin Shore in neutral zone.
8:15 of 3rd period - Off-side.
8:16 of 3rd period - Devin Shore wins face-off versus Bo Horvat in neutral zone.
8:16 of 3rd period - Devin Shore is hit by Shane Sims.
8:44 of 3rd period - Slapshot by Petr Straka.
8:44 of 3rd period - Stopped by Malcolm Subban without a rebound.
8:45 of 3rd period - Pavel Zacha wins face-off versus T.J. Tynan in Influenza zone.
9:04 of 3rd period - T.J. Tynan is hit by Neal Pionk and loses puck.
9:15 of 3rd period - Snap shot by Petr Straka.
9:15 of 3rd period - Shot Misses the Net.
9:17 of 3rd period - Slapshot by Tony DeAngelo.
9:17 of 3rd period - Stopped by Malcolm Subban with a rebound.
9:31 of 3rd period - Snap shot by Roope Hintz.
9:31 of 3rd period - Deflect By Shane Sims.
9:31 of 3rd period - Shot Misses the Net.
9:31 of 3rd period - Puck is out of play.
9:32 of 3rd period - Bo Horvat wins face-off versus Devin Shore in Influenza zone.
10:00 of 3rd period - Slapshot by Tim Erixon.
10:00 of 3rd period - Shot Blocked by Brandon Montour.
10:42 of 3rd period - Backhand shot by Devin Shore.
10:42 of 3rd period - Shot Blocked by Tim Erixon.
10:44 of 3rd period - Wrist shot by Devin Shore.
10:44 of 3rd period - Stopped by Malcolm Subban with a rebound.
11:12 of 3rd period - Snap shot by Tom Kuhnhackl.
11:12 of 3rd period - Stopped by Joonas Korpisalo without a rebound.
11:13 of 3rd period - Colton Sissons wins face-off versus Jack Roslovic in Sasquatch zone.
11:14 of 3rd period - Snap shot by Tom Kuhnhackl.
11:14 of 3rd period - Stopped by Joonas Korpisalo with a rebound.
11:16 of 3rd period - Slapshot by Haydn Fleury.
11:16 of 3rd period - Stopped by Joonas Korpisalo without a rebound.
11:17 of 3rd period - Colton Sissons wins face-off versus Devin Shore in Sasquatch zone.
11:26 of 3rd period - Wrist shot by Tom Kuhnhackl.
11:26 of 3rd period - Deflect By Ryan Dzingel.
11:26 of 3rd period - Stopped by Joonas Korpisalo without a rebound.
11:27 of 3rd period - Tim Schaller wins face-off versus Devin Shore in Sasquatch zone.
11:36 of 3rd period - Snap shot by Tim Schaller.
11:36 of 3rd period - Goal by Tim Schaller - Sasquatch : 7 - Influenza : 4.
11:37 of 3rd period - Devin Shore wins face-off versus Bo Horvat in neutral zone.
11:52 of 3rd period - Wrist shot by Shane Sims.
11:52 of 3rd period - Stopped by Joonas Korpisalo without a rebound.
11:53 of 3rd period - T.J. Tynan wins face-off versus Pavel Zacha in Sasquatch zone.
11:53 of 3rd period - Martin Marincin is hit by JT Compher.
12:19 of 3rd period - Patrick Wey is hit by Tim Erixon.
12:24 of 3rd period - Off-side.
12:25 of 3rd period - Bo Horvat wins face-off versus Devin Shore in neutral zone.
12:38 of 3rd period - Snap shot by Tim Schaller.
12:38 of 3rd period - Shot Blocked by Timo Meier.
12:40 of 3rd period - Snap shot by Brett Pesce.
12:40 of 3rd period - Deflect By Tim Schaller.
12:40 of 3rd period - Shot Blocked by Timo Meier.
12:40 of 3rd period - Puck is out of play.
12:41 of 3rd period - T.J. Tynan wins face-off versus Pavel Zacha in Sasquatch zone.
12:41 of 3rd period - Roope Hintz is hit by JT Compher and loses puck.
12:52 of 3rd period - Wrist shot by JT Compher.
12:52 of 3rd period - Stopped by Joonas Korpisalo without a rebound.
12:53 of 3rd period - Tim Schaller wins face-off versus Devin Shore in Sasquatch zone.
13:00 of 3rd period - Snap shot by Tim Schaller.
13:00 of 3rd period - Deflect By Linden Vey.
13:00 of 3rd period - Stopped by Joonas Korpisalo without a rebound.
13:01 of 3rd period - Bo Horvat wins face-off versus Devin Shore in Sasquatch zone.
13:04 of 3rd period - Slapshot by Linden Vey.
13:04 of 3rd period - Stopped by Joonas Korpisalo with a rebound.
14:22 of 3rd period - Shane Sims is hit by Devin Shore.
14:34 of 3rd period - Wrist shot by Jujhar Khaira.
14:34 of 3rd period - Stopped by Malcolm Subban without a rebound.
14:35 of 3rd period - Bo Horvat wins face-off versus T.J. Tynan in Influenza zone.
14:41 of 3rd period - Icing by Tim Schaller.
14:42 of 3rd period - Bo Horvat wins face-off versus T.J. Tynan in Influenza zone.
15:47 of 3rd period - Roope Hintz is hit by JT Compher and loses puck.
15:54 of 3rd period - Jeff Corbett is hit by Roland McKeown and loses puck.
16:15 of 3rd period - Backhand shot by Tim Schaller.
16:15 of 3rd period - Shot Blocked by Ethan Bear.
16:29 of 3rd period - Wrist shot by Colton Sissons.
16:29 of 3rd period - Shot Misses the Net.
16:31 of 3rd period - Wrist shot by Colton Sissons.
16:31 of 3rd period - Shot Blocked by Valentin Zykov.
16:33 of 3rd period - Wrist shot by Colton Sissons.
16:33 of 3rd period - Stopped by Joonas Korpisalo without a rebound.
16:34 of 3rd period - Ryan Dzingel wins face-off versus T.J. Tynan in Sasquatch zone.
16:58 of 3rd period - Icing by Linden Vey.
16:59 of 3rd period - Devin Shore wins face-off versus Linden Vey in Influenza zone.
17:08 of 3rd period - Wrist shot by Devin Shore.
17:08 of 3rd period - Shot Misses the Net.
17:24 of 3rd period - Shane Sims is hit by Tony DeAngelo and loses puck.
17:29 of 3rd period - Wrist shot by T.J. Tynan.
17:29 of 3rd period - Shot Blocked by Haydn Fleury.
17:45 of 3rd period - Jack Roslovic is hit by Christian Fischer and loses puck.
17:50 of 3rd period - Slapshot by Lucas Lessio.
17:50 of 3rd period - Shot Misses the Net.
17:52 of 3rd period - Wrist shot by Aleksi Saarela.
17:52 of 3rd period - Deflect By Lucas Lessio.
17:52 of 3rd period - Shot Misses the Net.
17:52 of 3rd period - Puck is out of play.
17:53 of 3rd period - Bo Horvat wins face-off versus Timo Meier in Sasquatch zone.
18:15 of 3rd period - Icing by Brett Pesce.
18:16 of 3rd period - Bo Horvat wins face-off versus T.J. Tynan in Influenza zone.
19:06 of 3rd period - Slapshot by Valentin Zykov.
19:06 of 3rd period - Stopped by Malcolm Subban with a rebound.
19:08 of 3rd period - Wrist shot by Martin Marincin.
19:08 of 3rd period - Stopped by Malcolm Subban without a rebound.
19:09 of 3rd period - Pavel Zacha wins face-off versus Christoffer Ehn in Influenza zone.
19:38 of 3rd period - Snap shot by Dylan Sikura.
19:38 of 3rd period - Shot Misses the Net.
19:40 of 3rd period - Slapshot by Tony DeAngelo.
19:40 of 3rd period - Stopped by Malcolm Subban with a rebound.
19:42 of 3rd period - Slapshot by Tony DeAngelo.
19:42 of 3rd period - Deflect By Neal Pionk.
19:42 of 3rd period - Stopped by Malcolm Subban without a rebound.
19:43 of 3rd period - Bo Horvat wins face-off versus Jujhar Khaira in Influenza zone.
19:52 of 3rd period - Neal Pionk is hit by Devin Shore.
Goals for this period are 1 for Sasquatch vs 1 for Influenza.
Shots for this period are 12 for Sasquatch vs 14 for Influenza.